 Dungeon Crawl Stone Soup version 0.28-a0-661-g144af121cd (webtiles) character file.

Game seed: 8357130364885239062

184 Grim the Shooter (level 5, -3/42 HPs)
             Began as a Minotaur Hunter on Oct 14, 2021.
             Slain by a gnoll (5 damage)
             ... on level 3 of the Dungeon.
             The game lasted 00:04:29 (4106 turns).

Grim the Shooter (Minotaur Hunter)                  Turns: 4106, Time: 00:04:30

Health: -3/42      AC:  4    Str: 17    XL:     5   Next: 36%
Magic:  4/4        EV: 11    Int:  8    God:
Gold:   119        SH:  0    Dex: 11    Spells: 4/4 levels left

rFire   . . .      SeeInvis .   b - +3 spear
rCold   . . .      Faith    .   (no shield)
rNeg    . . .      Spirit   .   c - +0 leather armour
rPois   .          Reflect  .   (helmet restricted)
rElec   .          Harm     .   (no cloak)
rCorr   .          Rampage  .   j - +0 pair of gloves
Will    .....                   (no boots)
Stlth   +.........              (no amulet)
HPRegen 0.14/turn               (no ring)
MPRegen 0.09/turn               (no ring)

@: no status effects
A: horns 2, retaliatory headbutt
a: no special abilities


You were on level 3 of the Dungeon.
You visited 1 branch of the dungeon, and saw 3 of its levels.

You collected 119 gold pieces.

Inventory:

Hand Weapons
 a - a +1 shortbow
 b - a +3 spear (weapon)
 m - a +0 short sword
Missiles
 d - 37 arrows
Armour
 c - a +0 leather armour (worn)
 j - a +0 pair of gloves (worn)
Scrolls
 e - a scroll of vulnerability {unknown}
 g - 2 scrolls of identify {unknown}
 i - a scroll of enchant weapon {unknown}
 k - a scroll of blinking {unknown}
Potions
 f - 2 potions of degeneration {unknown}
 h - a potion of cancellation {unknown}
 l - a potion of brilliance {unknown}


   Skills:
 - Level 2.4 Fighting
 + Level 7.4 Bows
 - Level 2.1 Dodging
 - Level 0.7 Stealth


You had 4 spell levels left.
You didn't know any spells.
Your spell library contained the following spells:

 Spells                   Type           Power      Damage    Failure   Level
 Frozen Ramparts          Ice            0%         1d2       85%         3
 Ice Form                 Ice/Tmut       0%         N/A       99%         4
 Summon Ice Beast         Ice/Summ       0%         N/A       99%         4


Dungeon Overview and Level Annotations

Branches:
Dungeon (3/15)

Altars:


Innate Abilities, Weirdness & Mutations

You have a pair of horns on your head.
You reflexively headbutt those who attack you in melee.


Message History

The goblin hits you but does no damage. The gnoll barely misses you.
The hobgoblin hits you but does no damage.
You hit the goblin.
You kill the goblin!
The gnoll closely misses you.
The hobgoblin hits you but does no damage.
You puncture the hobgoblin!
You kill the hobgoblin!
The gnoll barely misses you.
You reach to attack!
You hit the gnoll.
The gnoll is lightly wounded.
The gnoll hits you from afar with a +0 spear.
You reach to attack!
You closely miss the gnoll.
The gnoll is lightly wounded.
The gnoll hits you from afar with a +0 spear.
* * * LOW HITPOINT WARNING * * *
You reach to attack!
You hit the gnoll.
The gnoll is moderately wounded.
The gnoll barely misses you.
You reach to attack!
You barely miss the gnoll.
The gnoll is moderately wounded.
The gnoll hits you from afar with a +0 spear.
* * * LOW HITPOINT WARNING * * *
You are too injured to fight recklessly!
You are too injured to fight recklessly!
You are too injured to fight recklessly!
The gnoll hits you with a +0 spear.
* * * LOW HITPOINT WARNING * * *
There is an open door, spattered with blood here.
Items here: )))) ††.
You puncture the gnoll!
The gnoll is almost dead.
The gnoll hits you with a +0 spear!
* * * LOW HITPOINT WARNING * * *
The gnoll hits you with a +0 spear.
* * * LOW HITPOINT WARNING * * *
You completely miss the gnoll.
The gnoll is almost dead.
The gnoll hits you with a +0 spear.
You die...

≈≈≈≈≈#####≈≈≈≈≈≈≈≈≈≈≈≈≈≈
≈≈≈≈≈ ###############
≈≈≈≈≈ #......## ##...
#.......###....
#+##........#.....
#...........#.....
#........[..).....
#)........).#.....
#@##........#.....
#g..#.......###....
#...#......## ##...
#...######## #### #####


You could see a gnoll.

Vanquished Creatures
  5 gnolls (D:3)
  3 adders
  A worm (D:3)
  A dart slug (D:3)
  An orc (D:3)
  3 ball pythons
  5 endoplasms
  3 giant cockroaches
  32 goblins
  20 hobgoblins
  A quokka (D:1)
  5 bats
  A frilled lizard (D:1)
  3 kobolds
  3 rats
87 creatures vanquished.

Notes
Turn   | Place    | Note
-------+----------+-------------------------------------------
     0 | D:1      | Grim the Minotaur Hunter began the quest for the Orb.
     0 | D:1      | Reached XP level 1. HP: 18/18 MP: 0/0
   321 | D:1      | Found a faded altar of an unknown god.
   385 | D:1      | Reached XP level 2. HP: 25/25 MP: 1/1
   588 | D:1      | Found Ephoin's Distillery.
   634 | D:1      | Reached skill level 5 in Bows
  1969 | D:2      | Reached XP level 3. HP: 25/30 MP: 2/2
  2479 | D:3      | Reached skill level 6 in Bows
  2701 | D:3      | Reached XP level 4. HP: 37/37 MP: 3/3
  3781 | D:3      | Reached skill level 7 in Bows
  3790 | D:3      | Reached XP level 5. HP: 42/42 MP: 4/4
  4105 | D:3      | HP: 2/42 [gnoll (5)]
  4106 | D:3      | Slain by a gnoll

Illustrated notes

Levels and vault maps discovered:
D:1:      amcnicky_arrival_abandoned_market, layout_basic,
          ebering_ecumenical_altar_sacrificial, serial_shops,
          nicolae_square_shop, corexii_leaking_fountain
D:2:      layout_basic
D:3:      minmay_goblin_kobold_castle, layout_loops_ring,
          kennysheep_another_room, corexii_item_surrounded_by_moat

Skill      XL: |  1  2  3  4 |
---------------+-------------+-----
Bows           | 5 6 7 |  7.4
Fighting       | |  2.4
Dodging        | |  2.1
Stealth        | |  0.7

Action                   |  1- 3 |  4- 6 || total
-------------------------+-------+-------++-------
Melee: Short sword       |     7 |    35 ||    42
       Headbutt          |       |     8 ||     8
       Spear             |       |    21 ||    21
 Fire: Shortbow          |    77 |    73 ||   150
Armor: Leather armour    |    11 |    17 ||    28
Dodge: Dodged            |    10 |    57 ||    67

Table legend: (Time is in decaauts)
 A = Elapsed time spent in this place.
 B = Non-inter-level travel time spent in this place.
 C = Inter-level travel time spent in this place.
 D = Time resting spent in this place.
 E = Time spent auto-exploring this place.
 F = Levels seen in this place.
 G = Mean time per level.
                   A        B        C        D        E       F      G
               +--------+--------+--------+--------+--------+-----+--------+
         Total |   4099 |   4048 |     51 |    750 |   2812 |   3 | 1366.3 |
       Dungeon |   4099 |   4048 |     51 |    750 |   2812 |   3 | 1366.3 |
               +--------+--------+--------+--------+--------+-----+--------+

Top non-repeatable levels by time:
     D:3: 1921 daAuts
     D:2: 1118 daAuts
     D:1: 1058 daAuts
